[Event "IV Estrellas 2022"]
[Site "La Palma"]
[Date "2022.08.06"]
[Round "1.11"]
[White "Roeder, Matthias"]
[Black "Garcia Jorge, Jose Luis"]
[Result "1-0"]
[ECO "E06"]
[WhiteElo "2357"]
[BlackElo "1654"]
[Annotator "TA"]
[PlyCount "47"]
[EventDate "2022.08.06"]
[EventType "swiss"]
[EventCountry "ESP"]
[SourceTitle "playchess.com"]
[Source "ChessBase"]
[SourceQuality "1"]
[TimeControl "5400+30"]

1. Nf3 d5 2. g3 Nf6 3. Bg2 e6 4. O-O Be7 5. c4 O-O 6. d4 c6 7. Qc2 b6 8. Rd1 Bb7 9. Nc3 Na6 10. b3 Rc8 11. Bb2 {[%emt 0:03:43] E06: Closed Catalan: Early deviations.} c5 {[%emt 0:02:23] [#]} 12. Rac1 $146 ({Predecessor:} 12. dxc5 Nxc5 13. cxd5 Nxd5 14. Ne1 Nd7 15. Bxd5 Bxd5 16. Qd3 Bc6 17. Nb5 Bd5 18. Nxa7 Ra8 {½-½ (43) Kelires,A (2464)-Rychagov,A (2558) Paleochora 2016}) 12... cxd4 (12... dxc4 $14 13. bxc4 cxd4) 13. Nxd4 $16 {[%emt 0:00:30] White is better.} Nc7 {[#]} (13... Qd7 $142) 14. Qb1 {[%emt 0:00:30] White is more active.} ({Better is} 14. e4 $1 ) 14... Bc5 15. cxd5 exd5 16. e3 Bxd4 17. Rxd4 Ne6 18. Rdd1 (18. Rd2 $16) 18... Ba8 {[#]} (18... Qd7 $14) 19. Nxd5 $1 Nxd5 {[#]} (19... Bxd5 20. Bxf6) 20. e4 $1 ({Don't play} 20. Rxc8 $6 Qxc8 21. Bxd5 Ng5 $14) 20... Rxc1 21. Qxc1 Qc8 (21... Nc3 $142 22. Rxd8 (22. Bxc3 Qc7 $16) 22... Ne2+ 23. Kf1 Nxc1 24. Rxf8+ Kxf8) 22. exd5 $18 {[%emt 0:00:30] White has a decisive advantage.} Qxc1 23. Rxc1 Nc5 24. Ba3 {[%emt 0:00:30] Weighted Error Value: White=0.16 (very precise) /Black=0.34} 1-0

[Event "IV Estrellas 2022"]
[Site "La Palma"]
[Date "2022.08.06"]
[Round "1.15"]
[White "Acosta Sosa, Juan Manuel"]
[Black "Martin Ramos, Daniel"]
[Result "1-0"]
[ECO "D02"]
[WhiteElo "2310"]
[BlackElo "1582"]
[Annotator "RC"]
[PlyCount "141"]
[EventDate "2022.08.06"]
[EventType "swiss"]
[EventCountry "ESP"]
[SourceTitle "playchess.com"]
[Source "ChessBase"]
[SourceQuality "1"]
[TimeControl "5400+30"]

1. d4 d5 2. Nf3 Nf6 3. Bf4 c5 4. e3 e6 5. Be2 Bd6 6. dxc5 Bxc5 7. O-O O-O 8. Nbd2 Nc6 9. a3 Qe7 10. b4 Bd6 11. Nb3 e5 12. Bg5 e4 13. Nfd4 Rd8 14. Nxc6 bxc6 15. Bh4 Be5 16. Ra2 Be6 17. Nd4 Qc7 18. Bg3 Bxg3 19. hxg3 c5 20. Nxe6 fxe6 21. Qd2 c4 22. Qc3 a5 23. b5 Rdb8 24. a4 Nd7 25. Bg4 Rb6 26. Raa1 Qe5 27. Qd4 Qxd4 28. exd4 Rd6 29. c3 Rf8 30. Rae1 Nb6 31. Bd1 Rf6 32. f3 exf3 33. gxf3 g6 34. Kg2 Rd7 35. Re3 g5 36. Bc2 h6 37. Rfe1 Re7 38. Kh3 Kg7 39. Kg4 Kg8 40. Kh5 Kg7 41. R1e2 Kf7 42. Kg4 Ke8 43. Re1 Kd7 44. R3e2 Ref7 45. Re3 Rf8 46. Bd1 Nc8 47. Rf1 Nd6 48. Bc2 Nf5 49. Bxf5 exf5+ 50. Kh5 f4 51. Re5 fxg3 52. Rxd5+ Rd6 53. Rxd6+ Kxd6 54. Kg4 Re8 55. Kxg3 Re3 56. Rc1 h5 57. Kf2 Rd3 58. Ke2 h4 59. Rg1 Rxc3 60. Rxg5 Rd3 61. Rg4 h3 62. Rh4 h2 63. Rxh2 Rxd4 64. Ke3 Rd3+ 65. Ke4 Ra3 66. Rh6+ Kc5 67. Rc6+ Kb4 68. b6 Rb3 69. b7 Kxa4 70. Rxc4+ Ka3 71. Rc3 1-0

[Event "IV Estrellas 2022"]
[Site "La Palma"]
[Date "2022.08.06"]
[Round "1.16"]
[White "Macias Reyes, Jose Luis"]
[Black "Brito Garcia, Alfredo"]
[Result "0-1"]
[ECO "D00"]
[WhiteElo "1540"]
[BlackElo "2291"]
[Annotator "RC"]
[PlyCount "56"]
[EventDate "2022.08.06"]
[EventType "swiss"]
[EventCountry "ESP"]
[SourceTitle "playchess.com"]
[Source "ChessBase"]
[SourceQuality "1"]
[TimeControl "5400+30"]

1. d4 d5 2. Bf4 c5 3. e3 Nc6 4. Nd2 cxd4 5. exd4 Nxd4 6. c3 Nc6 7. Bd3 e5 8. Bg3 Nf6 9. h3 Bd6 10. Bb5 O-O 11. Bh4 h6 12. Qc2 Be6 13. Ne2 Rc8 14. Qa4 a6 15. Bxc6 Rxc6 16. O-O g5 17. Bg3 Nh5 18. Bh2 f5 19. Rfe1 Qd7 20. Nf3 f4 21. Rad1 Nf6 22. Nc1 e4 23. Nd4 Bxh3 24. g3 e3 25. Qc2 exf2+ 26. Qxf2 fxg3 27. Bxg3 Ne4 28. Qe3 Bxg3 0-1

[Event "IV Estrellas 2022"]
[Site "La Palma"]
[Date "2022.08.06"]
[Round "1.17"]
[White "Estremera Panos, Sergio"]
[Black "Lorenzo Ventura, Abel"]
[Result "0-1"]
[ECO "D26"]
[WhiteElo "2262"]
[BlackElo "1577"]
[Annotator "RC"]
[PlyCount "54"]
[EventDate "2022.08.06"]
[EventType "swiss"]
[EventCountry "ESP"]
[SourceTitle "playchess.com"]
[Source "ChessBase"]
[SourceQuality "1"]
[TimeControl "5400+30"]

1. d4 d5 2. c4 dxc4 3. e3 e6 4. Bxc4 Nf6 5. Nf3 Nbd7 6. O-O Be7 7. Nc3 O-O 8. e4 Nb6 9. Bd3 c5 10. dxc5 Bxc5 11. e5 Nfd5 12. Bxh7+ Kxh7 13. Ng5+ Kg6 14. Qc2+ f5 15. exf6+ Kxf6 16. Nce4+ Ke7 17. Qxc5+ Ke8 18. a4 Qe7 19. a5 Qxc5 20. Nxc5 Nc4 21. b3 Nd6 22. Ncxe6 Rf6 23. Nxg7+ Kf8 24. Nh5 Rf5 25. Ng3 Ke8 26. Be3 Re5 27. Bc1 Kd8 0-1

[Event "IV Estrellas 2022"]
[Site "La Palma"]
[Date "2022.08.06"]
[Round "1.18"]
[White "Valero Hellin, Jose Luis"]
[Black "Cubas Cabrera, Angel Luis"]
[Result "0-1"]
[ECO "D05"]
[WhiteElo "1576"]
[BlackElo "2207"]
[Annotator "RC"]
[PlyCount "36"]
[EventDate "2022.08.06"]
[EventType "swiss"]
[EventCountry "ESP"]
[SourceTitle "playchess.com"]
[Source "ChessBase"]
[SourceQuality "1"]
[TimeControl "5400+30"]

1. d4 Nf6 2. e3 e6 3. Bd3 b6 4. Nf3 Bb7 5. Nbd2 d5 6. O-O Nbd7 7. c3 Be7 8. Qc2 c5 9. c4 Rc8 10. b3 dxc4 11. Qxc4 O-O 12. Be2 Nd5 13. Qd3 cxd4 14. Nxd4 Nb4 15. Qb1 e5 16. a3 Nd5 17. Nf5 Nc3 18. Qd3 e4 0-1

[Event "IV Estrellas 2022"]
[Site "La Palma"]
[Date "2022.08.07"]
[Round "2.1"]
[White "Perez Bolanos, David"]
[Black "Pulvett Marin, Daniel Eduardo"]
[Result "0-1"]
[ECO "D00"]
[WhiteElo "2041"]
[BlackElo "2523"]
[Annotator "TA"]
[PlyCount "82"]
[EventDate "2022.08.06"]
[EventType "swiss"]
[EventCountry "ESP"]
[SourceTitle "playchess.com"]
[Source "ChessBase"]
[SourceQuality "1"]
[TimeControl "5400+30"]

1. d4 Nf6 2. Nf3 g6 3. Nc3 d5 4. Bf4 Bg7 5. Nb5 Na6 6. e3 {[%emt 0:00:30] D00: 1 d4 d5: Unusual lines.} O-O {[%emt 0:00:30] 6...0-0 scores better than 6...c6.} 7. h3 c6 8. Nc3 {[%emt 0:00:30] The position is equal.} Nc7 9. Be2 b6 10. O-O Bb7 11. a4 a5 {[%emt 0:00:30] [#]} 12. Nb1 $146 ({Predecessor:} 12. Rc1 Rc8 13. b3 Nd7 14. Bh2 Qe8 15. Ne5 Nxe5 16. dxe5 Ba6 17. Qd2 Qd7 18. Bxa6 Nxa6 {0-1 (129) Sadhwani,R (2616)-Swiercz,D (2656) Chess.com INT 2022}) 12... Nd7 13. Nbd2 f6 14. c3 (14. Bg3 $14) 14... e5 $11 15. Bh2 e4 16. Ne1 f5 17. b4 Ne6 18. f4 $2 (18. bxa5 $11 Rxa5 19. Nc2) 18... axb4 $1 $19 19. cxb4 c5 $36 {[%emt 0:00:30][%mdl 2048] Black is on the roll.} 20. Nb3 cxd4 21. exd4 (21. Nxd4 {was called for.} Nxd4 22. exd4) 21... Qe7 22. Nc2 Rfc8 23. Kh1 Rc3 24. Qb1 Rac8 25. Ra2 Qh4 {[%emt 0:00:30] And now ...Bh6 would win.} 26. Na3 (26. Bb5 $17 Qd8 27. a5) 26... Bh6 (26... Nxd4 27. Nxd4 Bxd4 28. Nb5 $14) 27. Bb5 $2 (27. Nb5 Re3 28. Bg1) 27... Nf6 28. Raf2 {[%emt 0:00:30] [#]} Bxf4 29. Rxf4 (29. Bxf4 $2 Nxf4 30. Rxf4 Rxh3+ $1 31. gxh3 Qxh3+ 32. Kg1 Rc3 $19) 29... Nxf4 30. Rxf4 (30. Bxf4 $2 Nh5 31. Bd6 Ng3+ 32. Bxg3 Qxg3 $19) 30... Qg5 (30... Rxb3 31. Qxb3 (31. Rxh4 $2 Rxb1+ 32. Nxb1 Rc1+ 33. Bg1 Rxb1 $19) 31... Rc1+ 32. Rf1 Rxf1+ 33. Bxf1 $18) 31. Be2 {[%emt 0:00:30] [#]} Re3 (31... Rg3 $1 $19 32. Bxg3 (32. Rf1 Rcc3) 32... Qxg3) 32. Rf2 $17 Qh4 {[%emt 0:00:30] Black is more active.} 33. Rf4 (33. Kg1 $17) 33... Qg5 $2 ({Stronger than} 33... Rxb3 34. Qd1 (34. Rxh4 $2 {is the wrong capture.} Rxb1+ 35. Nxb1 Rc1+ 36. Bg1 Rxb1 $19) (34. Qxb3 $2 Qe1+ 35. Rf1 Qxe2 $19) 34... Qxf4 35. Bxf4 Rxa3 36. Bb5 $17) (33... Ng4 $19 {and Black stays clearly on top.} 34. Qb2 Qe1+ 35. Rf1 Rxe2 36. Rxe1 Nf2+ 37. Kg1 Rxb2) 34. Rf2 {[%emt 0:00:30] [#]} Nh5 {[%emt 0:00:30] Against Bf4} (34... Rcc3 $1 $17 35. Nc2 (35. Bf4 $2 Qh4 $19) 35... Rxb3) 35. Bxh5 $11 Qxh5 36. Bf4 $2 (36. Nb5 $11 {and White is okay.}) 36... Rd3 $19 {[%emt 0:00:30] aiming for ...Rd1+.} 37. Bd2 f4 38. Rxf4 Qe2 {[%emt 0:00:30] Prevents Rf2. Strongly threatening ...e3.} 39. Bc1 (39. Kh2 $19 Bc6 40. Nb5 Bxb5 41. axb5 Rxd2 42. Nxd2 Qxd2 43. Rf6 Qxd4 44. Re6) 39... Qe1+ {[%emt 0:00:30] Black mates.} 40. Kh2 Qg3+ 41. Kg1 Rxb3 {[%emt 0:00:30] Weighted Error Value: White=0.75/Black=0.49} (41... Rd1+ $142 42. Rf1 Rxf1+ 43. Kxf1 Rf8+ 44. Bf4 Rxf4+ 45. Kg1 Rf2 46. Qf1 Rxf1+ 47. Kxf1 Qxb3 48. h4 Qxa3 49. Kf2 Qd3 50. b5 e3+ 51. Kf3 e2+ 52. Kf2 Qd2 53. Kf3 e1=B 54. Kg4 Qxd4+ 55. Kh3 Qxh4#) 0-1

[Event "IV Estrellas 2022"]
[Site "La Palma"]
[Date "2022.08.07"]
[Round "2.2"]
[White "Martinez Duany, Lelys Stanley"]
[Black "Amador Garcia, Ismael"]
[Result "1-0"]
[ECO "A06"]
[WhiteElo "2497"]
[BlackElo "2128"]
[Annotator "TA"]
[PlyCount "64"]
[EventDate "2022.08.06"]
[EventType "swiss"]
[EventCountry "ESP"]
[SourceTitle "playchess.com"]
[Source "ChessBase"]
[SourceQuality "1"]
[TimeControl "5400+30"]

1. Nf3 Nf6 2. b3 d5 3. Bb2 e6 4. g3 c5 5. Bg2 Nc6 6. O-O {[%emt 0:00:07] A06: Réti Opening: 1 Nf3 d5.} Bd6 7. d4 {[%emt 0:00:11] Against e5} cxd4 8. Nxd4 {[%emt 0:00:09][%cal Oe2e4] White has an edge.} e5 9. Nxc6 bxc6 10. c4 Bb7 11. cxd5 cxd5 12. Nc3 e4 {[%emt 0:18:32] [#]} 13. Nb5 $146 ({Predecessor:} 13. Nxd5 Nxd5 14. Bxe4 Nc3 15. Bxc3 Bxe4 16. Qd4 Qe7 17. Qa4+ Kf8 18. Rad1 Bc5 19. Rd4 {1-0 (30) McMahon,D (2235)-Carton,N (2265) London 1994}) 13... Be7 14. Rc1 {[%emt 0:01:07] Black must now prevent Rc7.} O-O 15. Qd2 a6 16. Nd4 {[%emt 0:00:28] 0x0.001b80986e55dp-1022s more active pieces. The black rooks are badly placed.} Qd7 {[%emt 0:00:03] Against Nf5} 17. Qf4 Bd6 {[%emt 0:01:37] Prevents Rc7.} 18. Qh4 Bc8 19. Nc6 {[%emt 0:02:20] Against Be5} Qf5 (19... Ne8 $16) 20. f3 $18 g5 $2 (20... exf3 $16 21. Rxf3 Qg4) 21. Qh6 {[%emt 0:00:21] Strongly threatening fxe4.} Qg6 22. Qxg6+ fxg6 23. Rfd1 $2 (23. fxe4 $1 $18 {and the rest is easy.} Nxe4 24. Rfd1) 23... Bf5 $16 24. fxe4 (24. Na5 {keeps more tension.} Bb4 25. fxe4 Bxe4 26. Nc6) 24... Bxe4 25. Bxe4 Nxe4 26. Rxd5 Rf2 $2 {[%emt 0:01:50][%mdl 8192] [#]} (26... Rae8 $16) 27. Rxd6 $1 $18 {[%emt 0:06:59][%cal Bd5d6,Bd6e6,Be6f6][%mdl 544] White is clearly winning.} Rxe2 28. Re6 Nxg3 (28... Rxb2 $142 29. Rxe4 Rf8) 29. Ne7+ (29. hxg3 Rxe6 30. Ne5 Rd8 $14) 29... Kf7 {[%emt 0:00:47] [#]} 30. Rf6+ $1 ({Worse is} 30. hxg3 Kxe6 31. Ba3 Rd8 $17) ({Not} 30. Re5 $2 Rxe5 31. hxg3 Rxe7 $19) 30... Kxe7 31. Rc7+ {[%emt 0:00:08][%mdl 64] Skewer} Ke8 {[%emt 0:05:56] [#]} 32. Ba3 $1 Re5 {[%emt 0:17:37] Weighted Error Value: White=0.17 (very precise) /Black=0.60} 1-0

[Event "IV Estrellas 2022"]
[Site "La Palma"]
[Date "2022.08.07"]
[Round "2.3"]
[White "Del Rio De Angelis, Salvador G."]
[Black "Sosa Suarez, Carla Cristina"]
[Result "1-0"]
[ECO "D45"]
[WhiteElo "2442"]
[BlackElo "2125"]
[Annotator "TA"]
[PlyCount "81"]
[EventDate "2022.08.06"]
[EventType "swiss"]
[EventCountry "ESP"]
[SourceTitle "playchess.com"]
[Source "ChessBase"]
[SourceQuality "1"]
[TimeControl "5400+30"]

1. d4 e6 2. c4 d5 3. Nc3 c6 4. e3 Nf6 5. Nf3 Nbd7 6. Be2 Bd6 7. O-O O-O 8. b3 b6 {[%emt 0:00:06] D45: Semi-Slav: 5 e3.} 9. Bb2 Re8 10. a4 a5 {[%emt 0:01:47] The position is equal.} 11. Qc2 Bb7 12. Bd3 Qe7 {[%emt 0:04:46] [#]} 13. Rae1 $146 ({Predecessor:} 13. Rad1 Rad8 14. h3 h6 15. Rfe1 Bb4 16. Re2 c5 17. cxd5 Bxc3 18. Qxc3 Nxd5 19. Qe1 Nb4 {½-½ (34) Sergeev,V (2491)-Kraft,D (2482) ICCF email 2019}) 13... Bb4 14. Re2 Rad8 15. Ne5 c5 16. Nxd7 Qxd7 17. cxd5 exd5 18. Na2 (18. Nb5 $11) 18... c4 $1 $17 19. Bf5 (19. bxc4 $6 dxc4 20. Bxc4 (20. Nxb4 cxd3 21. Nxd3 Rc8 $11) 20... Rc8 21. Nxb4 axb4 $11) 19... Qc6 20. f3 (20. Nxb4 axb4 21. Ra1 g6 $19) 20... g6 21. Bh3 Ba6 $1 22. Rc1 Qb7 (22... b5 $1 $17 {aiming for ...Bd6.} 23. g3 Rb8 24. Nxb4 axb4) 23. bxc4 $15 (23. Nxb4 $2 axb4 24. Ree1 c3 $19) 23... Bxc4 24. Nxb4 axb4 25. Ree1 Qa6 26. Ra1 Re7 27. e4 dxe4 $1 28. fxe4 Bd3 29. Qc6 Nxe4 {[%emt 0:04:06] Hoping for ...Qa7.} 30. Rac1 (30. d5 $11 {keeps the balance.} Qb7 31. Rad1 Rxd5 32. Qxb7 Rxb7 33. Re3 (33. Rxd3 Rxd3 34. Rxe4 Rd1+ 35. Kf2 Rd2+ 36. Re2 Rxe2+ 37. Kxe2 Rc7 $11)) 30... Qa8 (30... f5 $17 {Threatens to win with ...Rd6.} 31. Re3 Kf7) 31. d5 $11 Qxc6 (31... f5 $11) 32. dxc6 $16 f5 33. Bf6 (33. g4 $16 Rde8 34. c7) 33... Nxf6 $11 34. Rxe7 b3 35. Rb7 $36 {[%emt 0:02:21][%mdl 2048] Black is under pressure.} b2 36. Rd1 Nd5 {[%emt 0:03:13][%cal Od8c8] White must now prevent ...Rc8!} 37. a5 $2 {[%emt 0:02:51] [#]} ({Don't play} 37. Rd7 Rc8 $1 38. Re1 (38. Rxd5 Rxc6 39. Re5 Rc1 $17) 38... Be4 39. Rxd5 Bxd5 $17) (37. c7 $1 $11 {and White stays safe.} Re8 38. a5) 37... b1=Q $2 ({Better is} 37... Rc8 $1 $19 38. a6 Bxa6) 38. Rxb1 {[%emt 0:00:06] The board is on fire.} Bxb1 39. a6 {[%emt 0:03:40][%cal Ba5a6,Ba6a7][%mdl 32] a7 is the strong threat.} Ra8 (39... Be4 $11) 40. a7 $18 Re8 41. Rb8 {[%emt 0:00:19] Never resign too early!  Weighted Error Value: White=0.27 (precise) /Black=0.46} 1-0

[Event "IV Estrellas 2022"]
[Site "La Palma"]
[Date "2022.08.07"]
[Round "2.4"]
[White "Hernandez Leon, Sergio"]
[Black "Antic, Dejan"]
[Result "1-0"]
[ECO "A06"]
[WhiteElo "2094"]
[BlackElo "2452"]
[Annotator "TA"]
[PlyCount "93"]
[EventDate "2022.08.06"]
[EventType "swiss"]
[EventCountry "ESP"]
[SourceTitle "playchess.com"]
[Source "ChessBase"]
[SourceQuality "1"]
[TimeControl "5400+30"]

1. Nf3 c5 2. b3 d5 3. Bb2 f6 4. d3 e5 5. Nbd2 Nc6 6. e4 {[%emt 0:01:23] A06: Réti Opening: 1 Nf3 d5.} d4 7. Be2 Be6 {[%emt 0:02:04] [#]} 8. O-O $146 {[%emt 0:00:51] Black is slightly better.} ({Predecessor:} 8. Nh4 Qd7 9. a4 Bd6 10. Nc4 Bc7 11. O-O Nge7 12. Ba3 b6 13. Bc1 O-O-O 14. Bd2 {½-½ (43) Allen,L (1784)-Thynne,T (1880) Yeovil 2007}) 8... Nge7 9. Ne1 Qd7 10. a4 g5 11. Nc4 Ng6 12. Bh5 O-O-O 13. g3 {[%emt 0:01:49] Inhibits Nf4.} Be7 14. Ng2 Rdg8 15. f3 Kb8 16. Kh1 Bd8 17. Rf2 Bc7 18. Qe2 a6 19. Bc1 b5 20. axb5 axb5 21. Na3 Nb4 22. Bd2 Kb7 23. Ne1 (23. Rff1 $142) 23... Ra8 $17 24. Qd1 (24. c4 $17) 24... Ra6 $19 25. c3 dxc3 26. Bxc3 Rha8 27. Bb2 Rd6 28. Rd2 Rd8 29. Bc3 Ne7 (29... Nxd3 $17 {[%cal Od3f2] ...Nf2+! is the strong threat.} 30. Rxd3 Rxd3 31. Nxd3 Qxd3 32. Qxd3 Rxd3 33. Nxb5 Bb6) 30. d4 exd4 ({Better is} 30... Rxd4 $15 31. Bxd4 exd4) 31. Bxb4 $11 cxb4 32. Nd3 $1 {[%emt 0:00:13] Black must now prevent Nc5+.} Bb6 {[%emt 0:00:12] Inhibits Nc5+.} 33. Nc2 $36 {[%emt 0:00:45][%mdl 2048] Black is under pressure. Pair of Knights!} Bxb3 34. Qb1 Bc4 35. Qxb4 Nc6 36. Qa3 (36. Nc5+ Bxc5 37. Qxc5 Qc7 $17) 36... Bxd3 (36... Kb8 $11 {is superior.}) 37. Rxd3 {[%emt 0:00:27] Black should prevent Qa6+.} (37. Bg4 Qxg4 $1 38. fxg4 Bxe4+ 39. Kg1 d3+ 40. Kf1 Ba5 $19) 37... Ne5 (37... Kc7 38. Bg4 Qe8 39. Qa6 $16) 38. Qa6+ ({Inferior is} 38. Bg4 Nxg4 39. Qa6+ (39. fxg4 $2 Qxg4 40. Kg1 Qxe4 $19) 39... Kc7 40. fxg4 Qc6 $17) 38... Kc7 39. Na3 {[%emt 0:01:05] Dancing on a razor blade.} Rb8 $2 (39... Ra8 $2 40. Qxa8 (40. Nxb5+ Qxb5 41. Qxb5 Rxa1+ 42. Kg2 Ra2+ 43. Kh3 Ra5 $11) 40... Qc6 41. Qxc6+ Kxc6 42. Rb3 $18) (39... Nxd3 $14 40. Nxb5+ Kc6 41. Nxd6 Nc5 42. Qb5+ Kc7 43. Ne8+ Kb7 44. Qxd7+ Nxd7) 40. Nxb5+ $18 Kd8 41. Nxd6 Qxd6 42. Rb3 Nd7 43. Qc4 Rc8 44. Qg8+ Nf8 {[%emt 0:01:16] [#]} 45. Rb5 (45. Rxb6 $142 $1 Qc5 (45... Qe7 46. Ra7) 46. Rxf6 Kc7 47. Rf5 Qxf5 48. exf5 Kd6 49. Ra6+ Kc5 50. Qb3) 45... Kc7 46. Qf7+ (46. Bg4 $142 Rd8 47. Rc1+ Kb7 48. Rcb1) 46... Qd7 47. Rc1+ {[%emt 0:00:53] Never resign too early!  Weighted Error Value: White=0.10 (very precise) /Black=0.46} 1-0

[Event "IV Estrellas 2022"]
[Site "La Palma"]
[Date "2022.08.07"]
[Round "2.5"]
[White "Martinez Reyes, Pedro Ramon"]
[Black "Perez Bolanos, Joel"]
[Result "1/2-1/2"]
[ECO "A11"]
[WhiteElo "2408"]
[BlackElo "2036"]
[Annotator "TA"]
[PlyCount "63"]
[EventDate "2022.08.06"]
[EventType "swiss"]
[EventCountry "ESP"]
[SourceTitle "playchess.com"]
[Source "ChessBase"]
[SourceQuality "1"]
[TimeControl "5400+30"]

1. Nf3 d5 2. g3 Nf6 3. Bg2 Bf5 4. c4 e6 5. O-O c6 6. cxd5 cxd5 7. Qb3 Qb6 8. Qxb6 axb6 9. Nc3 Nc6 10. d3 Be7 11. Bf4 {[%emt 0:00:00] A11: English Opening: 1...c6.} O-O 12. Nb5 {[%emt 0:00:00] [#]} Ra4 $146 ({Predecessor:} 12... Rfc8 13. a3 Na5 14. Nfd4 Bg6 15. Bh3 Nc6 16. Rfc1 Bc5 17. Nf3 Ra5 18. Nd6 Bxd6 19. Bxd6 {½-½ (85) Shuvalov,E (2182)-Odegov,A (2286) Chess.com INT 2022}) 13. a3 {[%emt 0:00:00] Against Rb4. White is slightly better.} Rc8 14. Rac1 Raa8 15. Bd6 Kf8 16. b4 Ne8 17. Bf4 h6 18. Rc2 g5 19. Be3 Bd8 20. Rfc1 (20. h4 $1 $14) 20... Ne7 (20... e5 $11) 21. h4 f6 22. Nfd4 {[%emt 0:00:00] aiming for Rxc8.} Rxc2 23. Rxc2 Kf7 24. hxg5 {[%emt 0:00:00] White is much more active.} ({Of course not} 24. Nxf5 Nxf5 25. Bc1 Ned6 26. Nxd6+ Nxd6 $14) 24... hxg5 25. Bc1 ({Reject} 25. Nxf5 Nxf5 26. Bc1 Ned6 27. Nxd6+ Nxd6 $11) 25... Bg6 {[%emt 0:03:10] [#]} 26. Bh3 (26. f4 $1 $16) 26... e5 $1 $11 {[%emt 0:00:46] The position is equal.} 27. Ne6 Bf5 28. Nxd8+ Rxd8 29. Bxf5 Nxf5 30. g4 Nfd6 31. Nxd6+ Nxd6 32. e3 {[%emt 0:00:00] Weighted Error Value: White=0.18 (very precise) /Black=0.17 (very precise)} 1/2-1/2

[Event "IV Estrellas 2022"]
[Site "La Palma"]
[Date "2022.08.07"]
[Round "2.6"]
[White "Martin Rodriguez, Pablo"]
[Black "Baskin, Robert"]
[Result "0-1"]
[ECO "E11"]
[WhiteElo "2009"]
[BlackElo "2408"]
[Annotator "TA"]
[PlyCount "54"]
[EventDate "2022.08.06"]
[EventType "swiss"]
[EventCountry "ESP"]
[SourceTitle "playchess.com"]
[Source "ChessBase"]
[SourceQuality "1"]
[TimeControl "5400+30"]

1. d4 Nf6 2. c4 e6 3. g3 d5 4. Nf3 Bb4+ 5. Bd2 Be7 6. Bg2 O-O 7. O-O Nbd7 8. Qc2 {[%emt 0:01:20] E11: Bogo-Indian.} Ne4 9. Nc3 Nxd2 10. Nxd2 {[%emt 0:00:23] The position is equal.} c6 11. Rfd1 f5 12. Rab1 Nf6 13. b4 Bd7 {[%emt 0:01:48] [#]} 14. b5 $146 ({Predecessor:} 14. c5 Be8 15. Nf3 Qc7 16. e3 Bh5 17. Ne2 Bxf3 18. Bxf3 Ne4 19. Nf4 Qd7 20. Be2 {½-½ (41) Devnani,K (2041)-Engel,R (2128) Cattolica 2022}) 14... Rc8 15. Qd3 (15. a4 $11 {remains equal.}) 15... cxb5 $17 16. Nxb5 {[%emt 0:09:43] [#]} a6 (16... Qa5 $1 $17 {aiming for ...a6.} 17. Rdc1 Bxb5 18. cxb5 Qxa2) 17. Nc3 $2 {[%emt 0:01:26] Loses the game.} (17. Na3 $1 $11) 17... dxc4 $19 18. Qc2 b5 {[%emt 0:04:41][%cal Bb7b5,Bb5b4][%mdl 32] Strongly threatening ...b4.} 19. e4 b4 20. e5 bxc3 21. exf6 Bxf6 ({And not} 21... cxd2 22. fxe7 Qxe7 23. Qc3 $17) ({Not} 21... gxf6 22. Qxc3 Bb5 23. Nf1 $15) 22. Nf3 Qa5 {[%emt 0:01:40] [#] Prevents Ne5. Threatens to win with ...Ba4.} 23. Rdc1 Rb8 24. Qe2 Qa3 25. Qxc4 $2 (25. Ra1) 25... Rxb1 {[%emt 0:01:18] Black is clearly winning.} 26. Rxb1 Rc8 27. Qb3 c2 {[%emt 0:00:28] Weighted Error Value: White=0.91/Black=0.07 (flawless)} 0-1

[Event "IV Estrellas 2022"]
[Site "La Palma"]
[Date "2022.08.07"]
[Round "2.7"]
[White "Geske, Julian"]
[Black "Lopez Pereyra, Antonio"]
[Result "1-0"]
[ECO "B31"]
[WhiteElo "2386"]
[BlackElo "1989"]
[Annotator "TA"]
[PlyCount "75"]
[EventDate "2022.08.06"]
[EventType "swiss"]
[EventCountry "ESP"]
[SourceTitle "playchess.com"]
[Source "ChessBase"]
[SourceQuality "1"]
[TimeControl "5400+30"]

1. e4 c5 2. Nf3 Nc6 3. Bb5 g6 4. Bxc6 dxc6 5. d3 Qc7 6. h3 {[%emt 0:01:30] B31: Sicilian: 2...Nc6 3 Bb5 g6.} e5 7. Be3 b6 8. a4 {[%emt 0:01:29][%cal Oa4a5] The position is equal.} a5 9. Na3 Be6 10. Qd2 f6 {[%emt 0:01:05] [#] Prevents Ng5.} 11. Nh2 $146 ({Predecessor:} 11. b3 Ne7 12. Bh6 O-O-O 13. Bxf8 Rhxf8 14. Qh6 Ng8 15. Qe3 Ne7 16. Qh6 Ng8 17. Qe3 {½-½ (34) Abdumalik,Z (2502)-Dzagnidze,N (2525) Struga 2021}) 11... Rd8 12. b3 {[%emt 0:01:29] Prevents c4.} g5 13. Nc4 Bg7 14. h4 h6 15. Rd1 Ne7 16. g3 g4 17. h5 (17. O-O $5 ) 17... f5 18. exf5 Bxf5 (18... Nxf5 $11 19. O-O O-O) 19. Qe2 (19. O-O $14) 19... b5 ({Better is} 19... Nd5 $1 $11 20. Bd2 Qc8) 20. Nd2 $14 Nd5 {[%emt 0:07:01] [#] Hoping for ...Nc3.} 21. Ne4 {[%emt 0:00:41] Prevents Nc3.} c4 {[%emt 0:03:55] Black is on the road to losing.} (21... Nxe3 $14 22. fxe3 Bxe4 23. dxe4 Rxd1+ 24. Kxd1 (24. Qxd1 O-O $14) 24... bxa4) 22. Bc5 $16 cxb3 23. cxb3 Qf7 24. Nxg4 Qe6 25. Ne3 {[%emt 0:01:27] White is much more active. Pair of Knights!} Bh7 (25... Nxe3 $16 26. Qxe3 Qxb3) 26. O-O $18 Bf8 27. Rfe1 {[%emt 0:02:11] Bxf8 is the strong threat.} Bxc5 $2 (27... Nc3 28. Nxc3 Bxc5) 28. Nxc5 Qh3 29. Qg4 {[%emt 0:02:03] White is clearly winning.} Qxg4 30. Nxg4 Nc3 (30... e4 $142 31. dxe4 Nc3) 31. Rxe5+ Kf7 32. Rde1 Nd5 33. axb5 cxb5 34. Ne6 Rd7 35. Nxh6+ Kf6 36. Ng4+ Kf7 37. Ng5+ Kg7 {[%emt 0:00:00] [#]} 38. Rxd5 $1 {[%emt 0:00:41] Weighted Error Value: White=0.19 (very precise) /Black=0.44} 1-0